 Dungeon Crawl Stone Soup version 0.25-a0-766-g0ecfff5982 (webtiles) character file.

Game seed: 2650493465049998455, levelgen mode: classic

230 Amnesiac the Chiller (level 6, -3/45 HPs)
             Began as a Ghoul Ice Elementalist on Apr 13, 2020.
             Slain by a worker ant (4 damage)
             ... on level 4 of the Dungeon.
             The game lasted 00:04:36 (1477 turns).

Amnesiac the Chiller (Ghoul Ice Elementalist)       Turns: 1477, Time: 00:04:37

Health: -3/45      AC:  3    Str: 12    XL:     6   Next: 3%
Magic:  9/9        EV: 12    Int: 12    God:
Gold:   55         SH:  0    Dex:  9    Spells: 7/11 levels left

rFire    . . .     SeeInvis .   b - +0 long sword
rCold    + . .     Gourm    .   (no shield)
rNeg     + + +     Faith    .   a - +0 robe
rPois    ∞         Spirit   .   f - +0 helmet
rElec    .         Reflect  .   (no cloak)
rCorr    .         Harm     .   (no gloves)
MR       .....                  (no boots)
Stlth    ++........             (no amulet)
HPRegen  0.00/turn              (no ring)
MPRegen  0.11/turn              (no ring)

@: brilliant, stab, rotting
A: rotting body, claws 1, carnivore, cold resistance 1, negative energy
resistance 3, inhibited regeneration, torment resistance, unbreathing
a: no special abilities


You were on level 4 of the Dungeon.
You were not hungry.

You visited 1 branch of the dungeon, and saw 5 of its levels.

You collected 55 gold pieces.

Inventory:

Hand Weapons
 b - a +0 long sword (weapon)
 m - a +1 flail of venom
Armour
 a - a +0 robe (worn)
 f - a +0 helmet (worn)
Magical Staves
 j - an uncursed staff of air
Jewellery
 o - an uncursed ring of poison resistance {unknown}
Scrolls
 g - a scroll of enchant weapon {!r, unknown}
Potions
 n - a potion of flight {!q, unknown}
 p - a potion of heal wounds {!q, unknown}
Comestibles
 c - 2 rations


   Skills:
 - Level 1.7 Dodging
 - Level 2.1 Stealth
 + Level 3.2 Spellcasting
 * Level 6.8 Ice Magic


You had 7 spell levels left.
You knew the following spells:

 Your Spells              Type           Power        Failure   Level  Hunger
a - Freeze                Ice            ####         1%          1    None
b - Frozen Ramparts       Ice            ####..       4%          3    None

Your spell library contained the following spells:

 Spells                   Type           Power        Failure   Level  Hunger
 Ozocubu's Armour         Chrm/Ice       ###.....     19%         3    None
 Hailstorm                Conj/Ice       ###.....     52%         4    None
 Summon Ice Beast         Ice/Summ       ###.....     52%         4    None


Dungeon Overview and Level Annotations

Branches:
Dungeon (5/15)
 Temple: D:4-7

Altars:


Innate Abilities, Weirdness & Mutations

Your body is rotting away.
You thrive on raw meat.
You are immune to poison.
You have sharp fingernails.
You are carnivorous and can eat meat at any time.
Your flesh is cold resistant. (rC+)
You are immune to negative energy. (rN+++)
You do not regenerate when monsters are visible.
You are immune to unholy pain and torment.
You can survive without breathing.


Message History

The crimson imp is frozen!
You freeze the crimson imp!
You kill the crimson imp!
You have reached level 6!
Your experience leads to an increase in your attributes!
Increase (S)trength, (I)ntelligence, or (D)exterity?
You feel clever. The bullfrog skeleton misses you.
An orc comes into view. It is wielding a +0 hand axe.
The orc wizard casts a spell at you. The magic dart hits you!
* * * LOW HITPOINT WARNING * * *
The bullfrog skeleton closely misses you.
An ogre comes into view. It is wielding a +0 giant spiked club.
The orc throws a boomerang.
The boomerang barely misses you.
The weapon returns to the orc!
The orc wizard mumbles some strange words.
The orc wizard blinks!
The bullfrog skeleton hits you but does no damage.
You hear a shout!
Okay, then.
Okay, then.
Really quaff
d - an orange potion {!q}?
It was a potion of brilliance {!q}.
You feel clever all of a sudden. The bullfrog skeleton hits you.
* * * LOW HITPOINT WARNING * * *
Really quaff
e - a bubbling clear potion {!q}?
It was a potion of curing {!q}.
You feel better.
The bullfrog skeleton barely misses you.
You riposte.
You hit the bullfrog skeleton.
The bullfrog skeleton is moderately damaged.
The bullfrog skeleton closely misses you.
Okay, then.
Really quaff
h - a lumpy golden potion {!q}?
It was a potion of magic {!q}.
Magic courses through your body. The bullfrog skeleton hits you!
* * * LOW HITPOINT WARNING * * *
The bullfrog skeleton hits you.
* * * LOW HITPOINT WARNING * * *
Really quaff
l - a fizzy amethyst potion {!q}?
It was a potion of stabbing {!q}.
You feel ready to backstab.
The orc throws a boomerang.
The boomerang hits you but does no damage.
The weapon returns to the orc!
The orc throws a boomerang.
The boomerang barely misses you.
The weapon returns to the orc!
The orc throws a boomerang.
The boomerang barely misses you.
The weapon returns to the orc!
You see here a spear.
An orc comes into view. It is wielding a +0 short sword.
The orc throws a boomerang.
The boomerang closely misses you.
The weapon returns to the orc!
The orc shouts!
There is a stone staircase leading up here.
The orc hits you but does no damage. The orc misses you.
You riposte.
You barely miss the orc.
You climb upwards.
There is a stone staircase leading down here.
The worker ant twitches its antennae in your direction.
The worker ant misses you.
You riposte.
You closely miss the worker ant.
Found a ring mail.
The worker ant bites you.
You die...

##..# #.# ##...## #.#
#####.>...###.#
#..........##.#
#.#...........######
#.##<......#........
##.....(.....#.######
#..####....#o#.# ##.#
##...#.#@# #.#
##...#.#a###### #.#
#......o.......[ #.#
#.#.##.#.######. #.#
#........#
#.####...##.#####
#..[............#
######..#######.#
#..#


You could see a worker ant and an orc.

Vanquished Creatures
  Edmund (D:4)
  A crimson imp (D:5)
  5 adders
  A shadow imp (D:4)
  2 worms
  A dart slug (D:2)
  2 giant cockroaches
  3 hobgoblins
  3 jackals (D:2)
  A kobold (D:1)
  4 quokkas
  4 bats (D:1)
  A frilled lizard (D:3)
  3 goblins (D:1)
  A rat (D:1)
33 creatures vanquished.

Notes
Turn   | Place    | Note
-------+----------+-------------------------------------------
     0 | D:1      | Amnesiac the Ghoul Ice Elementalist began the quest for the
                  | Orb.
     0 | D:1      | Reached XP level 1. HP: 14/14 MP: 2/2
   230 | D:1      | Reached XP level 2. HP: 13/20 MP: 4/4
   465 | D:1      | Reached skill level 5 in Ice Magic
   465 | D:1      | Reached XP level 3. HP: 15/26 MP: 0/5
   470 | D:1      | Learned a level 3 spell: Frozen Ramparts
   649 | D:2      | Reached XP level 4. HP: 31/33 MP: 0/6
   855 | D:4      | Noticed Edmund
  1109 | D:2      | Found a faded altar of an unknown god.
  1246 | D:4      | Killed Edmund
  1246 | D:4      | Reached skill level 6 in Ice Magic
  1246 | D:4      | Reached XP level 5. HP: 24/38 MP: 1/8
  1318 | D:5      | Entered Level 5 of the Dungeon
  1442 | D:5      | Reached XP level 6. HP: 15/45 MP: 2/9
  1453 | D:5      | HP: 1/45 [bullfrog skeleton (2)]
  1477 | D:4      | Slain by a worker ant

Levels and vault maps discovered:
D:1:      dpeg_arrival_subterranean_lakeside_camping, layout_loops_corners
D:2:      layout_basic, chequers_ecumenical_altar_simple_redux
D:3:      layout_basic, first_ration, uniq_robin, uniq_grinder
D:4:      layout_loops_ring, uniq_edmund, uniq_crazy_yiuf_cottage,
          uniq_eustachio
D:5:      layout_rooms, minmay_temple_entry_offerings, enter_ossuary_4,
          moated_statue, okawaru_metal_pillars_1_2

Skill      XL: |  1  2  3  4 |
---------------+-------------+-----
Spellcasting   | 2 3 |  3.2
Ice Magic      | 5 6 |  6.8
Dodging        | |  1.7
Stealth        | |  2.1

Action                   |  1- 3 |  4- 6 || total
-------------------------+-------+-------++-------
Melee: Unarmed           |    62 |    17 ||    79
       Long sword        |       |     7 ||     7
 Cast: Freeze            |    16 |    26 ||    42
       Frozen Ramparts   |     1 |     3 ||     4
  Use: Scroll            |       |     2 ||     2
       Potion            |       |     4 ||     4
  Eat: Chunk             |     4 |     8 ||    12
Armor: Robe              |    19 |    10 ||    29
Dodge: Dodged            |    61 |    57 ||   118
       Rpst.: Long sword |       |    12 ||    12

Table legend:
 A = Non-vault XP
 B = Vault XP
 C = Vault XP percentage of total XP
 D = Non-vault monster count
 E = Vault monster count
 F = Vault count percentage of total count
                 A         B        C        D         E       F
            +---------+---------+-------+---------+---------+-------
      Total |     172 |     157 |  47.7 |      28 |       5 |  15.2
            +---------+---------+-------+---------+---------+-------
        D:1 |      26 |       4 |  13.3 |       8 |       4 |  33.3
        D:2 |      62 |       0 |   0.0 |      12 |       0 |   0.0
        D:3 |       5 |       0 |   0.0 |       3 |       0 |   0.0
        D:4 |      26 |     153 |  85.5 |       3 |       1 |  25.0
        D:5 |      53 |       0 |   0.0 |       2 |       0 |   0.0
            +---------+---------+-------+---------+---------+-------
